 Dungeon Crawl Stone Soup version 0.19-a0-517-gd6a9987 (webtiles) character file.

1229 tyrsky the Insei (level 8, -4/57 (59) HPs)
             Began as a Grey Draconian Transmuter on June 6, 2016.
             Was an Initiate of Cheibriados.
             Slain by an iguana (6 damage)
             ... on level 7 of the Dungeon.
             The game lasted 00:17:47 (5987 turns).

tyrsky the Insei (Grey Draconian Transmuter)        Turns: 5987, Time: 00:17:48

HP:   -4/57 (59)    AC: 15    Str: 17    XL:     8   Next: 24%
MP:   15/15         EV: 15    Int: 14    God:    Cheibriados [......]
Gold: 291           SH:  4    Dex: 15    Spells: 1 memorised, 15 levels left

rFire  . . .     SeeInvis .       - Unarmed
rCold  . . .     Gourm    .     (armour unavailable)
rNeg   . . .     Faith    .     (no shield)
rPois  .         Spirit   .     C - +2 hat
rElec  .         Dismiss  .     w - +1 cloak
rCorr  .         Reflect  +     (no gloves)
SustAt .         Harm     .     (no boots)
MR     .....                    y - +4 amulet of reflection
Stlth  +.........               q - +3 ring of strength
                                D - ring of flight

@: very slow, not resistant to hostile enchantments, very unstealthy
A: walk through water, unfitting armour, unbreathing, cold-blooded, AC +11
a: Bend Time, Renounce Religion, Evoke Flight


You were on level 7 of the Dungeon.
You worshipped Cheibriados.
Cheibriados was noncommittal.
You were hungry.

You visited 1 branch of the dungeon, and saw 7 of its levels.

You collected 291 gold pieces.

Inventory:

Missiles
 a - 42 arrows
Armour
 w - a +1 cloak (worn)
 C - a +2 hat (worn)
Jewellery
 h - an uncursed ring of magical power
 q - a +3 ring of strength (right hand)
 r - a cursed -3 ring of strength
 y - a +4 amulet of reflection (around neck)
 D - a ring of flight (left hand)
Scrolls
 d - a scroll of teleportation
 i - a scroll of random uselessness {unknown}
 k - a scroll of blinking {unknown}
 m - 8 scrolls of identify {@*1}
 p - a scroll of enchant armour
 s - a scroll of recharging
 u - a scroll of magic mapping {unknown}
 z - a scroll of immolation
 B - a scroll of acquirement {unknown}
Potions
 j - a potion of mutation
 t - a potion of haste {unknown}
 v - a potion of resistance {unknown}
 x - a potion of heal wounds {unknown}
Books
 b - a book of Changes

   Spells                             Type                      Level
   a - Beastly Appendage              Transmutation                1
   b - Sticks to Snakes               Transmutation                2
   c - Spider Form                    Transmutation/Poison         3
   d - Ice Form                       Ice/Transmutation            4
   e - Blade Hands                    Transmutation                5
 o - a book of Debilitation

   Spells                             Type                      Level
   a - Corona                         Hexes                        1
   b - Slow                           Hexes                        2
   c - Gell's Gravitas                Hexes/Translocation          3
   d - Inner Flame                    Hexes/Fire                   3
   e - Cause Fear                     Hexes                        4
   f - Leda's Liquefaction            Hexes/Earth                  4
Comestibles
 c - 4 bread rations
 f - 4 meat rations
 g - 13 fruits


   Skills:
 - Level 1.1 Fighting
 + Level 4.6 Dodging
 + Level 5.7 Unarmed Combat
 + Level 4.9 Spellcasting
 + Level 5.3 Transmutations


You had 15 spell levels left.
You knew the following spells:

 Your Spells              Type           Power        Failure   Level  Hunger
a - Beastly Appendage     Tmut           ###...       1%          1    None


Dungeon Overview and Level Annotations

Branches:
Dungeon (7/15)
 Temple: D:4-7

Altars:
Ashenzari
Cheibriados
Elyvilon
Nemelex Xobeh
Okawaru
Uskayaw

Shops:
D:4 %   D:5 :

Annotations:
D:2 Sigmund
D:7 Dowan, Duvessa, Pikel


Innate Abilities, Weirdness & Mutations

You can walk through water.
Your dull iron-grey scales are very hard. (AC +11)
Your body does not fit into most forms of armour.
You can survive without breathing.
You are cold-blooded and may be slowed by cold attacks.


Message History

Found a fizzy cyan potion.
Dowan, Brother of Duvessa comes into view.
He is wielding a dagger of venom.
Found 15 gold pieces.
The iguana hisses angrily.
Duvessa hits you but does no damage. Duvessa hits you but does no damage.
The iguana bites you!
* * * LOW HITPOINT WARNING * * *
Found a scroll of teleportation.
Duvessa yells, "You can run, but you cannot escape us forever!"
You block Duvessa's attack.
You see here a scroll of teleportation.
d - a scroll of teleportation Duvessa barely misses you.
Okay, then.
As you read the scroll of fear, it crumbles to dust.
You assume a fearsome visage.
Duvessa looks frightened!
Dowan looks frightened!
The iguana resists with some effort.
Dowan casts a spell.
Dowan blinks!
The iguana bites you.
You die...

#..[.......[[#
#>...........#
###.........>#
#...............#
#.............p...
##.........########
#........##........
..........#....$...
.......d#...!....
......l.#........
.......e#e.......
...e...ยง#........
.................
......###........
###### #........
#........ #########


You could see Duvessa (fleeing), Dowan (fleeing) and an iguana.

Vanquished Creatures
  Edmund (D:6)
  2 slaves (D:7)
  2 necrophages
  2 ice beasts (D:7)
  An ogre (D:6)
  A giant frog (D:6)
  A killer bee (D:7)
  A crimson imp (D:5)
  A giant frog zombie (D:5)
  A hound (D:4)
  A jelly (D:5)
  4 orc wizards
  An orc priest (D:3)
  An iron imp (D:6)
  Ijyb (D:2)
  2 worker ants
  4 adders
  2 shadow imps (D:5)
  An ooze (D:1)
  3 worms
  2 dart slugs (D:1)
  8 giant geckos
  24 orcs
  2 giant cockroaches
  6 goblins
  6 hobgoblins
  3 jackals (D:2)
  4 quokkas
  A ball python (D:3)
  11 bats
  A giant gecko skeleton (D:5)
  2 giant newts
  3 kobolds
  A quokka skeleton (D:6)
  3 rats
110 creatures vanquished.

Vanquished Creatures (others)
  A quokka (D:4)
1 creature vanquished.

Grand Total: 111 creatures vanquished

Notes
Turn   | Place    | Note
--------------------------------------------------------------
     0 | D:1      | tyrsky the Draconian Transmuter began the quest for the Orb.
     0 | D:1      | Reached XP level 1. HP: 16/16 MP: 3/3
    83 | D:1      | Reached XP level 2. HP: 15/23 MP: 3/5
   321 | D:1      | Found a sparkling altar of Nemelex Xobeh.
   740 | D:1      | Reached XP level 3. HP: 28/28 MP: 6/6
   843 | D:2      | Noticed Ijyb
   865 | D:2      | Killed Ijyb
   865 | D:2      | Reached XP level 4. HP: 28/35 MP: 6/8
   929 | D:2      | Found a shattered altar of Ashenzari.
   999 | D:2      | Noticed Sigmund
  1633 | D:3      | Reached XP level 5. HP: 7/40 MP: 9/9
  2439 | D:4      | Found Ova Pioziom's Food Boutique.
  2592 | D:4      | Reached XP level 6. HP: 42/47 MP: 11/11
  2618 | D:4      | HP: 1/47 [orc/mace (7)]
  2981 | D:5      | Entered Level 5 of the Dungeon
  3201 | D:4      | HP: 2/46 [ogre/giant club (9)]
  3527 | D:4      | Found a hide-covered altar of Uskayaw.
  3553 | D:4      | Found a white marble altar of Elyvilon.
  3738 | D:5      | Found Zasyod's Book Boutique.
  3740 | D:5      | Got a wizard robe
  3778 | D:5      | Your scales start taking on a dull iron-grey colour.
  3778 | D:5      | Reached XP level 7. HP: 15/51 MP: 12/12
  3778 | D:5      | Gained mutation: You can survive without breathing. [Grey Draconian growth]
  3782 | D:5      | Found an iron altar of Okawaru.
  4700 | D:6      | Reached skill level 5 in Unarmed Combat
  4958 | D:6      | Noticed Edmund
  4984 | D:6      | Killed Edmund
  5427 | D:6      | Found a snail-covered altar of Cheibriados.
  5433 | D:6      | Became a worshipper of Cheibriados the Contemplative
  5571 | D:7      | Reached skill level 5 in Transmutations
  5875 | D:7      | Reached XP level 8. HP: 45/58 MP: 13/15
  5957 | D:7      | Noticed Pikel
  5978 | D:7      | Noticed Duvessa
  5979 | D:7      | Noticed Dowan
  5981 | D:7      | HP: 1/57 [iguana (12)]
  5987 | D:7      | Slain by an iguana

Vault maps used:
D:1:      shiori_shiawase, nemelex_xobeh_ov_fountains_minmay
D:2:      grunt_temple_overflow_growth_and_decay, ashenzari_conservatory_becter,
          uniq_sigmund, uniq_iyjb
D:3:      first_bread
D:4:      elyvilon_altar_4, lemuel_round_altar, serial_shops, nicolae_shop_stone
D:5:      nicolae_overflow_crystal_walls, temple_hall, serial_shops, shop
D:6:      chei_slow_surprise, uniq_edmund
D:7:      nicolae_overflow_hidden_temple, uniq_pikel, uniq_duvessa

Skill      XL: |  1  2  3  4  5  6  7 |
---------------+----------------------+-----
Dodging        | 2 3 4 |  4.6
Transmutations | 3 4 5 |  5.3
Spellcasting   | 3 4 |  4.9
Unarmed Combat | 4 5 |  5.7
Fighting       | |  1.1

Action                   |  1- 3 |  4- 6 |  7- 9 || total
-------------------------+-------+-------+-------++-------
Melee: Unarmed           |   106 |   307 |   212 ||   625
       Kick              |    11 |    44 |    19 ||    74
       Tailslap          |     8 |    28 |    30 ||    66
       Headbutt          |     5 |     8 |    16 ||    29
       Punch             |     2 |     9 |     6 ||    17
 Cast: Beastly Appendage |    15 |    40 |    15 ||    70
  Use: Potion            |       |     3 |       ||     3
       Scroll            |       |       |    10 ||    10
 Stab: Sleeping          |       |     3 |     1 ||     4
  Eat: Chunk             |       |    10 |     4 ||    14
       Pizza             |       |       |     1 ||     1
       Beef jerky        |       |       |     1 ||     1
Armor: Skin              |    38 |    91 |    76 ||   205
Dodge: Dodged            |    68 |   192 |   139 ||   399
Block: Other             |       |       |    18 ||    18
